 Dungeon Crawl Stone Soup version 0.24.0-123-gd5b16e6ec5 (webtiles) character file.

Game seed: 6780632872776862280, levelgen mode: deterministic

212 Bergy the Cudgeler (level 5, -1/32 HPs)
             Began as a Gargoyle Fighter on Dec 23, 2019.
             Killed by nerve-wracking pain
             ... invoked by Grinder
              (5 damage)
             ... on level 3 of the Dungeon.
             The game lasted 00:07:02 (3144 turns).

Bergy the Cudgeler (Gargoyle Fighter)               Turns: 3144, Time: 00:07:02

Health: -1/32      AC: 10    Str: 20    XL:     5   Next: 90%
Magic:  5/5        EV:  7    Int:  9    God:
Gold:   86         SH:  9    Dex:  9    Spells: 4/4 levels left

rFire    . . .     SeeInvis .   a - +0 flail
rCold    . . .     Gourm    .   c - +0 shield
rNeg     + . .     Faith    .   b - +0 scale mail
rPois    ∞         Spirit   .   (no helmet)
rElec    +         Reflect  .   (no cloak)
rCorr    .         Harm     .   (no gloves)
MR       .....                  (no boots)
Stlth    ..........             (no amulet)
HPRegen  0.10/turn              (no ring)
MPRegen  0.09/turn              (no ring)

@: no status effects
A: negative energy resistance 1, electricity resistance, unbreathing,
petrification resistance, rot immunity, AC +4
a: no special abilities


You were on level 3 of the Dungeon.
You were hungry.

You visited 1 branch of the dungeon, and saw 3 of its levels.

You collected 86 gold pieces.

Inventory:

Hand Weapons
 a - a +0 flail (weapon)
Armour
 b - a +0 scale mail (worn)
 c - a +0 shield (worn)
 d - a +0 helmet
 l - a +1 ring mail of cold resistance
 o - a cursed +0 ring mail
Wands
 x - a wand of digging (7)
Scrolls
 g - a scroll of random uselessness {unknown}
 h - a scroll of immolation {unknown}
 m - 2 scrolls of fear {unknown}
 r - a scroll of teleportation {unknown}
 s - 3 scrolls of identify {unknown}
 t - 2 scrolls of remove curse {unknown}
 u - a scroll of enchant weapon {unknown}
 v - a scroll of enchant armour {unknown}
Potions
 e - 2 potions of curing {unknown}
 i - 2 potions of degeneration {unknown}
 j - a potion of haste {unknown}
 k - a potion of heal wounds {unknown}
 n - a potion of flight {unknown}
 p - a potion of mutation {unknown}
 q - 2 potions of berserk rage {unknown}
 w - a potion of resistance {unknown}
Comestibles
 f - 5 rations


   Skills:
 - Level 3.2 Fighting
 * Level 5.9 Maces & Flails
 - Level 3.2 Armour
 - Level 3.2 Shields


You had 4 spell levels left.
You didn't know any spells.
Your spell library was empty.

Dungeon Overview and Level Annotations

Branches:
Dungeon (3/15)

Altars:
Wu Jian

Annotations:
D:3 Grinder


Innate Abilities, Weirdness & Mutations

You are resistant to torment.
Your stone body is resilient. (AC +4)
You are immune to poison.
You resist negative energy. (rN+)
You are resistant to electric shocks. (rElec)
You can survive without breathing.
You are immune to petrification.
You are immune to rotting.


Message History

The goblin is heavily wounded.
You block Grinder's attack. The goblin barely misses you. Grinder hits you.
You writhe in agony.
You hit the goblin.
You kill the goblin!
Grinder hits you.
You writhe in agony.
You closely miss Grinder.
Grinder is moderately wounded.
Grinder hits you.
* * * LOW HITPOINT WARNING * * *
You writhe in agony.
* * * LOW HITPOINT WARNING * * *
You sock Grinder!
Grinder is heavily wounded.
You block Grinder's attack.
You sock Grinder!
Grinder is almost dead.
Grinder gestures at you. Pain shoots through your body!
You die...

..............(.
............#####
............#...#
..........§.#.#.#
......#.........#
########.##.#.###
#.##.#.#
#.##.#5######.
#.....@.......
#..#.#.##.#### #
#.#.# # ..... .#
#.# .. #.. #. ###


You could see Grinder.

Vanquished Creatures
  An orc wizard (D:2)
  A worker ant (D:2)
  Robin (D:3)
  3 gnolls (D:2)
  3 adders (D:2)
  A worm (D:2)
  3 dart slugs
  2 leopard geckos
  2 orcs (D:2)
  7 bats
  6 giant cockroaches
  16 goblins
  8 hobgoblins
  6 jackals
  A quokka (D:2)
  A ball python (D:1)
  4 frilled lizards
  5 kobolds
  10 rats
81 creatures vanquished.

Notes
Turn   | Place    | Note
-------+----------+-------------------------------------------
     0 | D:1      | Bergy the Gargoyle Fighter began the quest for the Orb.
     0 | D:1      | Reached XP level 1. HP: 14/14 MP: 1/1
   616 | D:1      | Reached XP level 2. HP: 19/19 MP: 2/2
   685 | D:1      | Reached skill level 3 in Maces & Flails
   897 | D:1      | Reached XP level 3. HP: 23/23 MP: 3/3
  1832 | D:2      | Reached skill level 4 in Maces & Flails
  1837 | D:2      | Reached XP level 4. HP: 21/28 MP: 4/4
  2163 | D:2      | Reached skill level 5 in Maces & Flails
  2163 | D:2      | Reached XP level 5. HP: 10/32 MP: 5/5
  2504 | D:2      | Found an ornate altar of the Wu Jian Council.
  2774 | D:3      | Noticed Robin
  2810 | D:3      | Killed Robin
  3118 | D:3      | Noticed Grinder
  3144 | D:3      | Killed from afar by Grinder

Levels and vault maps discovered:
D:1:      sevenhm_arrival_forest_fort_large_2, layout_loops_corners,
          serial_forest, infiniplex_forest_clump_medium,
          infiniplex_forest_straight_4, infiniplex_forest_zigzag_1,
          infiniplex_forest_lined_corner, infiniplex_forest_straight_2
D:2:      layout_rooms, overflow_temple_1_default, kennysheep_path_1,
          minmay_stone_trees_medium
D:3:      wander_river, layout_basic, serial_bayou_lagoon_a, uniq_grinder,
          uniq_jessica, uniq_robin

Skill      XL: |  1  2  3  4 |
---------------+-------------+-----
Maces & Flails | 3 4 5 |  5.9
Fighting       | |  3.2
Armour         | |  3.2
Shields        | |  3.2

Action                   |  1- 3 |  4- 6 || total
-------------------------+-------+-------++-------
Melee: Flail             |   107 |   196 ||   303
  Use: Potion            |       |     1 ||     1
  Eat: Chunk             |     2 |     5 ||     7
Armor: Scale mail        |    71 |   153 ||   224
Dodge: Dodged            |    37 |    71 ||   108
Block: Shield            |    73 |   141 ||   214
